 Dungeon Crawl Stone Soup version 0.28-a0-697-g47f3eba078 (webtiles) character file.

Game seed: 10622334609541267006

119 asdguy00 the Firebug (level 4, 0/33 HPs)
             Began as a Draconian Fire Elementalist on Oct 23, 2021.
             Killed by divine providence
             ... invoked by an orc priest
              (12 damage)
             ... on level 3 of the Dungeon.
             The game lasted 00:12:35 (3026 turns).

asdguy00 the Firebug (Draconian Fire Elementalist)  Turns: 3026, Time: 00:12:36

Health: 0/33       AC:  5    Str: 11    XL:     4   Next: 74%
Magic:  1/8        EV: 12    Int: 18    God:
Gold:   122        SH:  0    Dex: 13    Spells: 2/8 levels left

rFire   . . .      SeeInvis .   f - staff of conjuration
rCold   . . .      Faith    .   (no shield)
rNeg    . . .      Spirit   .   (armour unavailable)
rPois   +          Reflect  .   (helmet restricted)
rElec   .          Harm     .   (no cloak)
rCorr   .          Rampage  .   (no gloves)
Will    .....                   (no boots)
Stlth   +.........              (no amulet)
HPRegen 0.11/turn               (no ring)
MPRegen 0.11/turn               (no ring)

@: confused, hasted, very quick
A: AC +5, unfitting armour, cold-blooded, hooves 1, agile 1, clever 1, poison
resistance
a: no special abilities


You were on level 3 of the Dungeon.
You visited 1 branch of the dungeon, and saw 3 of its levels.

You collected 122 gold pieces.

Inventory:

Magical Staves
 f - a staff of conjuration (weapon)
Jewellery
 a - a ring of ice
 b - an amulet of the acrobat
 c - a ring of see invisible
Scrolls
 d - a scroll of fog


   Skills:
 + Level 2.0 Dodging
 + Level 2.1 Stealth
 + Level 2.7 Spellcasting
 * Level 2.9 Conjurations
 + Level 3.8 Fire Magic


You had 2 spell levels left.
You knew the following spells:

 Your Spells              Type           Power      Damage    Failure   Level
a - Foxfire               Conj/Fire      84%        2x1d8     4%          1
b - Scorch                Fire           32%        2d6       5%          2
c - Conjure Flame         Conj/Fire      21%        6-21      13%         3

Your spell library contained the following spells:

 Spells                   Type           Power      Damage    Failure   Level
 Inner Flame              Hex/Fire       9%         N/A       22%         3
 Flame Wave               Conj/Fire      21%        3d6       38%         4


Dungeon Overview and Level Annotations

Branches:
Dungeon (3/15)

Altars:

Shops:
D:2 (


Innate Abilities, Weirdness & Mutations

Your plain brown scales are hard. (AC +5)
You cannot fit into any form of body armour.
You are cold-blooded and may be slowed by cold attacks.
You have large cloven feet.
You are agile. (Dex +2)
Your mind is acute. (Int +2)
Your system is resistant to poisons. (rPois)


Message History

The foxfire hits the orc priest!
The orc priest is heavily wounded.
You are confused.
You see here 12 stones.
You're too confused to cast spells.
Sorry, you're not good enough to have a special ability.
You feel less confused.
Casting: Foxfire (safe; 4% risk of failure)
Confirm with . or Enter, or press ? or * to list all spells.
You feel a surge of power!
You conjure some foxfire!
The foxfire hits something. x2
The orc priest invokes the aid of Beogh against you.
Beogh smites you!
Casting: Foxfire (safe; 4% risk of failure)
Confirm with . or Enter, or press ? or * to list all spells.
You feel a surge of power!
You conjure some foxfire!
The orc priest calls down the wrath of Beogh upon you.
Something writhes in agony.
The foxfire hits something. x2
You feel yourself speed up. Something hits you but does no damage.
The orc priest mumbles some strange prayers to Beogh against you.
You hear some strange, mumbled words.
You are confused.
A hobgoblin comes into view.
The hobgoblin shouts!
You hear some strange, mumbled words.
Something tries to affect you, but you resist.
A puff of flame appears from out of thin air!
The puff of flame hits you.
The orc priest miscasts a cantrip.
You're too confused to move!
You are more confused.
You're too confused to cast spells.
Sorry, you're not good enough to have a special ability.
You bump into the stone wall.
The hobgoblin hits you.
A dart slug comes into view.
The dart slug launches a dart at you. The slug dart misses you.
The orc priest mumbles some strange prayers to Beogh against you.
Beogh smites you!
You die...

###################
##.....#.....##....#
##.............#....## #
#....................###
#.......................
.............o........>(
#......g................
####..@#####.......##..
##.## ##......##.. #.#
#.#######.. #.#
##.....#### #.#
#.....#### #.#
###......... ...
###.......#### w⌠.
..........# ...
###.###.###


You could see an orc priest, a dart slug and a hobgoblin.

Vanquished Creatures
  An orc priest (D:3)
  2 adders (D:2)
  An ufetubus (D:2)
  3 worms (D:2)
  2 dart slugs (D:2)
  4 orcs (D:3)
  6 ball pythons
  9 endoplasms
  5 giant cockroaches
  2 hobgoblins (D:2)
  3 bats
  A goblin (D:1)
  9 kobolds
  2 rats
50 creatures vanquished.

Vanquished Creatures (others)
  146 foxfires
146 creatures vanquished.

Grand Total: 196 creatures vanquished

Notes
Turn   | Place    | Note
-------+----------+-------------------------------------------
     0 | D:1      | asdguy00 the Draconian Fire Elementalist began the quest
                  | for the Orb.
     0 | D:1      | Reached XP level 1. HP: 14/14 MP: 3/3
   361 | D:1      | Reached XP level 2. HP: 20/20 MP: 3/5
   521 | D:1      | Learned a level 2 spell: Scorch
  1303 | D:2      | Reached XP level 3. HP: 26/26 MP: 0/6
  1351 | D:2      | Learned a level 3 spell: Conjure Flame
  1389 | D:2      | Gained mutation: You are agile. (Dex +2) [potion of
                  | mutation]
  1389 | D:2      | Gained mutation: You have large cloven feet. [potion of
                  | mutation]
  1389 | D:2      | Gained mutation: Your mind is acute. (Int +2) [potion of
                  | mutation]
  1389 | D:2      | Gained mutation: Your system is resistant to poisons.
                  | (rPois) [potion of mutation]
  1811 | D:2      | Found Enaif's Antique Weapon Shoppe.
  1970 | D:2      | Reached XP level 4. HP: 33/33 MP: 2/7
  3026 | D:3      | Killed from afar by an orc priest

Illustrated notes

Levels and vault maps discovered:
D:1:      lemuel_arrival_broad_hall, layout_basic, feat_on_display
D:2:      layout_basic, serial_shops, shop, bh_walls_and_bars
D:3:      cheibrodos_pilgrimage, layout_rooms, grunt_temple_overflow_cloverleaf

Skill      XL: |  1  2  3 |
---------------+----------+-----
Stealth        | 2 |  2.1
Conjurations   | 2 |  2.9
Dodging        | 2 |  2.0
Spellcasting   | |  2.7
Fire Magic     | |  3.8

Action                   |  1- 3 |  4- 6 || total
-------------------------+-------+-------++-------
Melee: Unarmed           |    10 |     3 ||    13
       Kick              |     1 |     1 ||     2
       Tailslap          |       |     1 ||     1
 Cast: Foxfire           |    66 |    22 ||    88
       Scorch            |     3 |     4 ||     7
       Conjure Flame     |       |     2 ||     2
  Use: Scroll            |     4 |       ||     4
       Potion            |     3 |     1 ||     4
Armor: Skin              |     6 |     2 ||     8
Dodge: Dodged            |    19 |     7 ||    26

Table legend: (Time is in decaauts)
 A = Elapsed time spent in this place.
 B = Non-inter-level travel time spent in this place.
 C = Inter-level travel time spent in this place.
 D = Time resting spent in this place.
 E = Time spent auto-exploring this place.
 F = Levels seen in this place.
 G = Mean time per level.
                   A        B        C        D        E       F      G
               +--------+--------+--------+--------+--------+-----+--------+
         Total |   3037 |   2958 |     79 |    571 |   1769 |   3 | 1012.3 |
       Dungeon |   3037 |   2958 |     79 |    571 |   1769 |   3 | 1012.3 |
               +--------+--------+--------+--------+--------+-----+--------+

Top non-repeatable levels by time:
     D:2: 1607 daAuts
     D:1: 880 daAuts
     D:3: 550 daAuts
